 Dungeon Crawl Stone Soup version 0.28-a0-819-g6ef7baa362 (webtiles) character file.

Game seed: 13244983761075890500

1756 avis the Cleaver (level 9, -4/79 HPs)
             Began as a Hill Orc Monk on Nov 9, 2021.
             Was a Believer of Beogh.
             Killed from afar by a raiju (20 damage)
             ... with a living lightning
             ... on level 1 of the Abyss.
             The game lasted 00:31:53 (9791 turns).

avis the Cleaver (Hill Orc Monk)                    Turns: 9791, Time: 00:31:54

Health: -4/79      AC: 16    Str: 17    XL:     9   Next: 6%
Magic:  9/9        EV:  7    Int: 10    God:    Beogh [**....]
Gold:   282        SH:  0    Dex: 19    Spells: 8/8 levels left

rFire   . . .      SeeInvis .   a - +0 war axe
rCold   . . .      Faith    .   (no shield)
rNeg    . . .      Spirit   .   E - +4 chain mail of Daisies {rPois}
rPois   +          Reflect  .   z - +2 helmet
rElec   .          Harm     .   (no cloak)
rCorr   .          Rampage  .   (no gloves)
Will    .....                   C - +0 pair of boots
Stlth   ..........              k - amulet of magic regeneration
HPRegen 0.23/turn               o - +6 ring of dexterity
MPRegen 0.36/turn               (no ring)

@: no status effects
A: no striking features
a: Renounce Religion, Smiting


You were on level 1 of the Abyss.
You worshipped Beogh.
Beogh was pleased with you.
You visited 2 branches of the dungeon, and saw 7 of its levels.
You visited the Abyss 1 time.

You collected 282 gold pieces.

Inventory:

Hand Weapons
 a - a +0 war axe (weapon)
 b - a +0 hunting sling
 q - a +0 spear
Missiles
 d - 232 stones
 e - 2 javelins
 h - 38 poisoned darts (quivered)
 u - 12 arrows
 w - 37 sling bullets
Armour
 g - a +0 chain mail
 z - a +2 helmet (worn)
 C - a +0 pair of boots (worn)
 E - the +4 chain mail of Daisies (worn) {rPois}
   (You found it on level 4 of the Dungeon)

   rPois:     It protects you from poison.
Jewellery
 k - an amulet of magic regeneration (around neck)
 o - a +6 ring of dexterity (left hand)
Wands
 f - a wand of digging (1)
Scrolls
 c - 2 scrolls of holy word {unknown}
 i - a scroll of acquirement {unknown}
 n - 2 scrolls of teleportation {unknown}
 p - 2 scrolls of torment {unknown}
 t - a scroll of enchant armour {unknown}
 x - a scroll of summoning {unknown}
 D - a scroll of amnesia {unknown}
 G - a scroll of enchant weapon {unknown}
Potions
 j - 2 potions of brilliance
 l - 3 potions of heal wounds
 m - a potion of haste
 r - 4 potions of curing
 s - a potion of ambrosia
 v - a potion of lignification {unknown}
 A - a potion of mutation {unknown}
 B - 2 potions of berserk rage
 F - 3 potions of magic
 H - a potion of invisibility {unknown}
 J - a potion of might {unknown}
 K - a potion of flight {unknown}


   Skills:
 + Level 7.3 Fighting
 * Level 13.4 Axes
 - Level 2.4 Dodging
 - Level 1.5 Stealth


You had 8 spell levels left.
You didn't know any spells.
Your spell library contained the following spells:

 Spells                   Type           Power      Damage    Failure   Level
 Ensorcelled Hibernation  Hex/Ice        0%         N/A       100%        2
 Spider Form              Tmut/Pois      0%         N/A       100%        3


Dungeon Overview and Level Annotations

Branches:
Dungeon (6/15)             Temple (1/1) D:5

Altars:
Ashenzari
Cheibriados
Dithmenos
Elyvilon
Fedhas
Gozag
Hepliaklqana
Kikubaaqudgha
Makhleb
Qazlal
Sif Muna
Trog
Vehumet
Wu Jian
Xom
Zin

Annotations:
D:5 3 runed translucent doors, cheechan's ghost, novice OpHu
D:6 Eustachio


Message History

A starcursed mass comes into view.
A starcursed mass splits.
A chorus of shrieks assaults your mind.
A starcursed mass splits.
A chorus of shrieks assaults your mind.
A starcursed mass splits.
A chorus of shrieks assaults your mind. A chorus of shrieks assaults your mind.
A starcursed mass splits.
Found a scroll of identify.
Found a red potion.
A fire bat comes into view.
The fire bat bites you but does no damage.
H - a red potion The starcursed mass shrieks in your mind.
The starcursed mass shrieks in your mind.
The starcursed mass shrieks in your mind.
You hit the starcursed mass but do no damage.
You slash the starcursed mass!
The starcursed mass is almost destroyed.
The starcursed mass touches you.
You slash the starcursed mass!
You destroy the starcursed mass!
Beogh accepts your kill.
You start resting.
A raiju comes into view.
The raiju barks!
You hear a bark! x2
The raiju bursts into living lightning!
The living lightning hits you!
The raiju blinks!
A raiju comes into view.
The raiju bursts into living lightning!
The living lightning hits you!!
The raiju blinks! x2
You hear a shout!
You barely miss the raiju. The raiju bites you. The raiju shocks you!
You hit the raiju but do no damage. You miss the raiju. The raiju bites you.
The raiju shocks you!
* * * LOW HITPOINT WARNING * * *
The raiju bursts into living lightning!
The living lightning hits you!!
You die...

# # .
§## .
.
.#..
..
#.###
. . .
#..#
. #∩.
. .
#h#
..
#@#
#h# #
#.#
#.#
#.#
### #
# ..
. .


You could see 2 raiju.

Vanquished Creatures
  A centaur zombie (D:6)
  Duvessa (D:5)
  A sky beast (D:5)
  2 ogres
  A centaur (D:5)
  A scorpion (D:5)
  Dowan (D:5)
  A water moccasin skeleton (D:6)
  A starcursed mass (Abyss:1)
  A bullfrog zombie (D:5)
  A centaur skeleton (D:6)
  A hound (D:6)
  2 orc priests
  2 jellies (D:6)
  An iguana (D:4)
  Ijyb (D:3)
  Natasha (thrice) (D:3)
  4 orc wizards
  2 hound skeletons
  Robin (D:3)
  3 gnolls
  9 adders
  A shadow imp (D:6)
  A white imp (D:5)
  3 adder skeletons (D:4)
  5 worms (D:2)
  2 dart slugs
  13 orcs
  9 ball pythons
  4 bats
  3 endoplasms
  3 giant cockroaches
  20 hobgoblins
  7 jackals
  2 kobolds
  5 quokkas
  2 frilled lizards (D:1)
  13 goblins
  22 rats
156 creatures vanquished.

Vanquished Creatures (others)
  An orc wizard (D:6)
  A worm (D:4)
  3 plants (D:3)
5 creatures vanquished.

Grand Total: 161 creatures vanquished

Notes
Turn   | Place    | Note
-------+----------+-------------------------------------------
     0 | D:1      | avis the Hill Orc Monk began the quest for the Orb.
     0 | D:1      | Reached XP level 1. HP: 19/19 MP: 1/1
   393 | D:1      | Reached XP level 2. HP: 27/27 MP: 2/2
  1078 | D:1      | Found a faded altar of an unknown god.
  1366 | D:2      | Reached skill level 5 in Axes
  1366 | D:2      | Reached XP level 3. HP: 3/33 MP: 3/3
  2643 | D:2      | Reached XP level 4. HP: 35/41 MP: 4/4
  3231 | D:2      | Reached skill level 6 in Axes
  3853 | D:3      | Noticed Ijyb
  3866 | D:3      | Killed Ijyb
  3867 | D:3      | Reached XP level 5. HP: 38/47 MP: 5/5
  3964 | D:3      | Noticed an ogre
  3964 | D:3      | Noticed Robin
  4244 | D:3      | Reached skill level 5 in Fighting
  4263 | D:3      | Noticed Natasha
  4293 | D:3      | Killed Natasha
  4511 | D:3      | Noticed Natasha
  4523 | D:3      | Killed Natasha
  4524 | D:3      | Reached skill level 7 in Axes
  4697 | D:3      | Killed Robin
  4837 | D:3      | Noticed Natasha
  4858 | D:3      | Killed an ogre
  4859 | D:3      | Reached XP level 6. HP: 30/56 MP: 6/6
  5301 | D:3      | Reached skill level 8 in Axes
  5512 | D:4      | Became a worshipper of Beogh the Brigand
  5512 | D:4      | Reached * piety under Beogh
  5512 | D:4      | Reached ** piety under Beogh
  5544 | D:3      | Killed Natasha
  5915 | D:4      | Identified the +4 chain mail of Daisies {rPois}
  6239 | D:4      | Reached XP level 7. HP: 63/63 MP: 7/7
  6451 | D:5      | Entered Level 5 of the Dungeon
  6798 | D:5      | Reached skill level 9 in Axes
  7039 | D:5      | Found a runed translucent gate.
  7039 | D:5      | Found a runed translucent gate.
  7039 | D:5      | Found a runed translucent gate.
  7042 | D:5      | Noticed cheechan's ghost (novice OpHu)
  7270 | D:5      | Reached skill level 10 in Axes
  7409 | D:5      | Found a staircase to the Ecumenical Temple.
  7419 | Temple   | Entered the Ecumenical Temple
  8509 | D:6      | Noticed Dowan
  8509 | D:6      | Noticed Duvessa
  8521 | D:5      | Reached XP level 8. HP: 40/71 MP: 8/8
  8683 | D:5      | Reached skill level 11 in Axes
  8738 | D:5      | Killed Duvessa
  8750 | D:5      | Killed Dowan
  9055 | D:6      | Reached skill level 12 in Axes
  9218 | D:6      | Reached skill level 13 in Axes
  9478 | D:6      | Reached XP level 9. HP: 74/79 MP: 9/9
  9525 | D:6      | Noticed Eustachio
  9550 | D:6      | Cast into level 1 of the Abyss (Eustachio)
  9619 | Abyss:1  | Noticed a starcursed mass
  9791 | Abyss:1  | Killed from afar by a raiju

Illustrated notes

Levels and vault maps discovered:
D:1:      mainiacjoe_arrival_reflecting_pool, layout_basic,
          basic_ecumenical_altar, minivault_5, kennysheep_pointless_box
D:2:      layout_basic, chequers_serial_rivers_micro_e,
          minmay_fractal_squares_gapless_5
D:3:      corexii_shack_village, layout_basic, minmay_rat_hole, uniq_ijyb,
          uniq_robin, uniq_natasha
D:4:      layout_cave_pods
D:5:      layout_basic, minmay_temple_entry_poolview,
          gammafunk_ghost_necromancy, lemuel_flamethrower_1
D:6:      layout_basic, uniq_duvessa, uniq_eustachio
Temple:   eino_temple_rhombus
Abyss:1:  base:
D:2

Skill      XL: |  1  2  3  4  5  6  7  8 |
---------------+-------------------------+-----
Fighting       | 4 5 6 7 |  7.3
Axes           | 5 6 7 8 10 13 | 13.4
Dodging        | |  2.4
Stealth        | |  1.5

Action                   |  1- 3 |  4- 6 |  7- 9 || total
-------------------------+-------+-------+-------++-------
Melee: Hand axe          |   153 |   251 |       ||   404
       War axe           |       |    32 |   228 ||   260
 Fire: Hunting sling     |       |     4 |       ||     4
Throw: Dart              |       |     5 |       ||     5
Invok: Convert to Beogh  |       |     1 |       ||     1
  Use: Scroll            |       |       |     8 ||     8
 Stab: Sleeping          |     4 |     1 |       ||     5
Armor: Robe              |     4 |       |       ||     4
       Leather armour    |    11 |    16 |       ||    27
       Chain mail        |       |   115 |   174 ||   289
       Ring mail         |       |     8 |       ||     8
Dodge: Dodged            |    81 |   110 |    81 ||   272

Table legend: (Time is in decaauts)
 A = Elapsed time spent in this place.
 B = Non-inter-level travel time spent in this place.
 C = Inter-level travel time spent in this place.
 D = Time resting spent in this place.
 E = Time spent auto-exploring this place.
 F = Levels seen in this place.
 G = Mean time per level.
                   A        B        C        D        E       F      G
               +--------+--------+--------+--------+--------+-----+--------+
         Total |   9822 |   8785 |   1037 |   3554 |   3341 |   8 | 1227.8 |
       Dungeon |   9404 |   8376 |   1028 |   3372 |   3199 |   6 | 1567.3 |
        Temple |    178 |    169 |      9 |      0 |    142 |   1 |  178.0 |
         Abyss |    239 |    239 |      0 |    182 |      0 |   1 |  239.0 |
               +--------+--------+--------+--------+--------+-----+--------+

Top non-repeatable levels by time:
     D:2: 2444 daAuts
     D:5: 2294 daAuts
     D:1: 1811 daAuts
     D:3: 1337 daAuts
     D:4: 1010 daAuts
     D:6: 506 daAuts
 Abyss:1: 239 daAuts
  Temple: 178 daAuts
